AoeStats
← zulin

Nomad

510435336Analyzed
4v4 RM · 2d ago on Oct 1, 2026· 36m 8s· 8 players
Game mode
Random Map
Map size
231×231
Population
200
Speed
Normal
Resources
Standard
Victory
Conquest
Starting age
Dark Age
Ending age
Imperial Age
RankedLock teamsTeams togetherTeam positionsShared explorationLock speedFull tech treeHidden civsTurbo modeCheats
Victory
Defeat
🇨🇴 Britons · Colombia
1203
+13
🇦🇷 Wu · Argentina
1198
+13
🇧🇷 Koreans · Brazil
1165
+14
🇦🇷 Armenians · Argentina
1024
+20
🇺🇸 Malay · United States
1161
-16
🇲🇽 Khitans · Mexico
1157
-16
🇨🇳 Vietnamese · China
1117
-15
🇺🇸 Danes · United States
1083
-13
SwagMuffin411
9:57 Loom
13:28 Feudal Age
21:36 Castle Age
21:41 Forging
21:26 Double-Bit Axe
23:45 Bloodlines
27:37 Horse Collar
31:05 Fletching
36:14 Imperial Age
33:25 Elite Skirmisher
34:35 Bodkin Arrow
34:41 Padded Archer Armor
36:26 Wheelbarrow
36:34 Leather Archer Armor
Klingsor
6:56 Loom
15:45 Feudal Age
16:15 Double-Bit Axe
21:26 Castle Age
19:37 Domestication
19:42 Fishing Lines
22:42 Forging
23:54 Wheelbarrow
24:14 Husbandry
24:21 Scale Barding Armor
28:26 Gold Mining
28:26 Stone Mining
30:23 Pastoralism
36:05 Bow Saw
Gary Bigtoes
5:06 Loom
15:22 Feudal Age
18:53 Castle Age
21:00 Fletching
飞鱼
4:19 Loom
17:18 Feudal Age
19:13 Fletching
34:04 Castle Age
𒉭BEHELIT𒉭
4:07 Loom
12:53 Feudal Age
13:31 Double-Bit Axe
18:39 Castle Age
16:39 Stone Mining
17:38 Gold Mining
17:51 Fishing Lines
20:55 Bow Saw
21:27 Wheelbarrow
25:41 Ballistics
27:11 Fletching
27:21 Padded Archer Armor
28:50 Bodkin Arrow
30:28 Treadmill Crane
33:33 Yeomen
35:53 Hand Cart
zulin
4:00 Loom
12:26 Feudal Age
14:22 Town Watch
15:36 Fletching
25:07 Castle Age
24:26 Double-Bit Axe
24:36 Gold Mining
28:44 Eupseong
29:38 Wheelbarrow
33:29 Stone Mining
36:13 Bodkin Arrow
DHOKO
4:43 Loom
13:29 Feudal Age
14:02 Double-Bit Axe
21:14 Castle Age
19:04 Fishing Lines
19:44 Stone Mining
19:45 Gold Mining
22:51 Medium Warships
22:32 Gillnets
23:01 Fletching
24:18 Bodkin Arrow
26:31 Padded Archer Armor
28:04 Ballistics
31:41 Town Watch
36:26 Imperial Age
BuhoBit
9:08 Loom
9:36 Loom
15:58 Feudal Age
19:39 Castle Age
18:09 Double-Bit Axe
19:25 Gold Mining
28:56 Fletching
29:29 Padded Archer Armor
30:09 Wheelbarrow
31:39 Bow Saw
31:52 Bodkin Arrow
34:50 Ballistics
36:12 Horse Collar
Connection lost

Rejoining the realm…

Still unreachable

The connection could not be restored.

Session expired

The server has moved on; the page needs a fresh start.